 Dungeon Crawl Stone Soup version 0.28-a0-1117-g0bdd5ba030 (webtiles) character file.

Game seed: 4307124021233837783

134 SensoryNuts the Cutter (level 4, -2/34 HPs)
             Began as a Vampire Gladiator on Dec 11, 2021.
             Was a Believer of Vehumet.
             Slain by Pikel (11 damage)
             ... on level 4 of the Dungeon.
             The game lasted 00:03:16 (2296 turns).

SensoryNuts the Cutter (Vampire Gladiator)          Turns: 2296, Time: 00:03:17

Health: -2/34      AC:  4    Str: 15    XL:     4   Next: 95%
Magic:  4/4        EV: 13    Int: 10    God:    Vehumet [**....]
Gold:   212        SH:  0    Dex: 15    Spells: 3/3 levels left

rFire   + . .      SeeInvis +   a - +0 rapier (freeze)
rCold   . . .      Faith    .   (no shield)
rNeg    + . .      Spirit   .   b - +0 leather armour
rPois   .          Reflect  .   c - +0 helmet
rElec   .          Harm     .   (no cloak)
rCorr   .          Rampage  .   (no gloves)
Will    .....                   (no boots)
Stlth   ++........              (no amulet)
HPRegen 0.31/turn               p - ring of positive energy
MPRegen 0.09/turn               i - ring of protection from fire

@: weak-willed, healing quickly
A: alive, fangs 3, see invisible, vampiric 2
a: Exsanguinate, Renounce Religion


You were on level 4 of the Dungeon.
You worshipped Vehumet.
Vehumet was pleased with you.
You visited 1 branch of the dungeon, and saw 4 of its levels.

You collected 212 gold pieces.

Inventory:

Hand Weapons
 a - a +0 rapier of freezing (weapon)
Missiles
 d - 5 throwing nets (quivered)
Armour
 b - a +0 leather armour (worn)
 c - a +0 helmet (worn)
Jewellery
 g - a ring of fire
 i - a ring of protection from fire (right hand)
 p - a ring of positive energy (left hand)
 s - a +4 ring of protection
Scrolls
 n - a scroll of identify
 r - a scroll of amnesia
 t - 2 scrolls of teleportation
 v - 2 scrolls of immolation {unknown}
 x - a scroll of silence {unknown}
Potions
 f - a potion of heal wounds
 j - a potion of ambrosia {unknown}
 k - 3 potions of haste {unknown}
 o - a potion of degeneration {unknown}
 q - a potion of magic {unknown}
 u - a potion of mutation {unknown}
 w - a potion of flight {unknown}


   Skills:
 + Level 2.4 Fighting
 + Level 4.9 Short Blades
 + Level 1.6 Throwing
 + Level 1.4 Armour
 + Level 3.8 Dodging
 + Level 1.1 Stealth


You had 3 spell levels left.
You didn't know any spells.
Your spell library was empty.

Dungeon Overview and Level Annotations

Branches:
Dungeon (4/15)
 Temple: D:4-7

Altars:
Gozag
Kikubaaqudgha
Nemelex Xobeh
Vehumet

Shops:
D:2 [

Annotations:
D:4 Pikel


Innate Abilities, Weirdness & Mutations

Your natural rate of healing is accelerated.
You have razor-sharp teeth.
You have supernaturally acute eyesight. (SInv)
You are afflicted with vampirism and can become a bat while bloodless.


Message History

Okay, then.
It was a potion of curing.
You feel better.
Pikel hits you with a +0 whip of freezing.
Pikel freezes you.
It was a potion of heal wounds.
You feel much better.
Pikel checks his coin pouch and frowns.
Pikel hits you with a +0 whip of freezing!
Pikel freezes you.
You barely miss Pikel.
Pikel is moderately wounded.
Pikel misses you.
You hit Pikel. You freeze Pikel.
Pikel is moderately wounded.
Pikel barely misses you.
You hit Pikel but do no damage.
Pikel is moderately wounded.
Pikel hits you but does no damage.
You closely miss Pikel. Your bite misses Pikel.
Pikel is moderately wounded.
Pikel hits you with a +0 whip of freezing.
Pikel freezes you.
You hit Pikel but do no damage. You bite Pikel, but do no damage.
Pikel is moderately wounded.
Pikel barely misses you.
You barely miss Pikel.
Pikel is moderately wounded.
Pikel hits you with a +0 whip of freezing.
Pikel freezes you.
You hit Pikel. You freeze Pikel.
Pikel is heavily wounded.
Pikel closely misses you.
You closely miss Pikel.
Pikel is heavily wounded.
Pikel hits you with a +0 whip of freezing!
Pikel freezes you.
* * * LOW HITPOINT WARNING * * *
You hit Pikel but do no damage. Your bite misses Pikel.
Pikel is heavily wounded.
Pikel hits you with a +0 whip of freezing!
You die...

.>.#...>....##
#.#
.#..#......##
#.#
###.##.#####
#.# ..#....#
###.# #.# #.
#...# ....
##.### #.#.#
#..# .....
#.## ##.. #@#
#K#


g55 ##55. #.... #..... #.##.## #.# .# You could see Pikel, 4 lemures and a
gnoll.

Vanquished Creatures
  A gnoll (D:4)
  2 adders
  A worm (D:3)
  6 dart slugs
  3 orcs
  7 ball pythons
  2 bats (D:1)
  7 endoplasms
  11 giant cockroaches
  7 goblins
  7 hobgoblins
  4 jackals (D:1)
  7 kobolds
  5 frilled lizards
  6 rats
76 creatures vanquished.

Notes
Turn   | Place    | Note
-------+----------+-------------------------------------------
     0 | D:1      | SensoryNuts the Vampire Gladiator began the quest for the
                  | Orb.
     0 | D:1      | Reached XP level 1. HP: 16/16 MP: 1/1
    79 | D:1      | Reached XP level 2. HP: 22/22 MP: 2/2
   178 | D:1      | Found a faded altar of an unknown god.
   205 | D:1      | Reached skill level 4 in Short Blades
   213 | D:1      | Prayed at the altar of an unknown god.
   213 | D:1      | Became a worshipper of Vehumet
   213 | D:1      | Reached * piety under Vehumet
   213 | D:1      | Offered knowledge of Freeze by Vehumet.
   304 | D:1      | Gained mutation: You are afflicted with vampirism and can
                  | become a bat while bloodless. [Vampire growth]
   304 | D:1      | Reached XP level 3. HP: 26/27 MP: 3/3
   931 | D:2      | Found an ancient bone altar of Kikubaaqudgha.
  1058 | D:2      | Offered knowledge of Poisonous Vapours by Vehumet.
  1071 | D:2      | Reached ** piety under Vehumet
  1072 | D:2      | Reached skill level 1 in Armour
  1074 | D:2      | Reached XP level 4. HP: 29/33 MP: 4/4
  1118 | D:2      | Found Dosseim's Armour Emporium.
  1851 | D:3      | Found an opulent altar of Gozag.
  1851 | D:3      | Found a sparkling altar of Nemelex Xobeh.
  2131 | D:4      | Reached skill level 1 in Stealth
  2168 | D:4      | Offered knowledge of Dazzling Flash by Vehumet.
  2271 | D:4      | Noticed a lemure
  2272 | D:4      | Noticed a lemure
  2274 | D:4      | Noticed Pikel
  2280 | D:4      | Noticed a lemure
  2281 | D:4      | Noticed a lemure
  2296 | D:4      | Slain by Pikel

Illustrated notes

Levels and vault maps discovered:
D:1:      dpeg_arrival_simpleton_b, layout_rooms,
          ebering_ecumenical_altar_sacrificial
D:2:      minmay_roachtagon, layout_rooms, serial_shops, nicolae_diamond_shop,
          basic_altar, hangedman_decor_points, nicolae_underground_beach
D:3:      layout_basic, grunt_temple_overflow_opulence,
          small_statue_intersection, chequers_serial_rivers_large_a,
          minivault_11
D:4:      layout_rooms, mainiacjoe_overflow_alcove_1,
          minmay_temple_entry_sparse_star, uniq_pikel, uniq_natasha,
          uniq_eustachio

Skill      XL: |  1  2  3  4 |
---------------+-------------+-----
Fighting       | 2 |  2.4
Short Blades   | 4 |  4.9
Armour         | 1 |  1.4
Stealth        | 1 |  1.1
Throwing       | |  1.6
Dodging        | |  3.8

Action                   |  1- 3 |  4- 6 || total
-------------------------+-------+-------++-------
Melee: Rapier            |   144 |   106 ||   250
       Bite              |    12 |     9 ||    21
  Use: Scroll            |       |     5 ||     5
       Potion            |       |     2 ||     2
 Stab: Sleeping          |     2 |     1 ||     3
Armor: Leather armour    |    46 |    17 ||    63
Dodge: Dodged            |   126 |    52 ||   178

Table legend: (Time is in decaauts)
 A = Elapsed time spent in this place.
 B = Non-inter-level travel time spent in this place.
 C = Inter-level travel time spent in this place.
 D = Time resting spent in this place.
 E = Time spent auto-exploring this place.
 F = Levels seen in this place.
 G = Mean time per level.
                   A        B        C        D        E       F      G
               +--------+--------+--------+--------+--------+-----+--------+
         Total |   2309 |   2309 |      0 |      0 |   1651 |   4 |  577.2 |
       Dungeon |   2309 |   2309 |      0 |      0 |   1651 |   4 |  577.2 |
               +--------+--------+--------+--------+--------+-----+--------+

Top non-repeatable levels by time:
     D:3: 771 daAuts
     D:2: 762 daAuts
     D:1: 546 daAuts
     D:4: 229 daAuts
